 Dungeon Crawl Stone Soup version 0.21.1-1-g345015fe64 (webtiles) character file.

84 Kohma the Skirmisher (level 4, -3/37 HPs)
             Began as a Demonspawn Berserker on June 20, 2018.
             Was a Believer of Trog.
             Splashed by a jelly's acid (5 damage)
             ... on level 3 of the Dungeon.
             The game lasted 00:04:26 (2004 turns).

Kohma the Skirmisher (Demonspawn Berserker)         Turns: 2004, Time: 00:04:26

Health: -3/37      AC:  0    Str: 19    XL:     4   Next: 24%
Magic:  0/4        EV:  6    Int:  8    God:    Trog [**....]
Gold:   132        SH:  0    Dex: 16    Spells: 3/3 levels left

rFire    . . .     SeeInvis .   a - +0 spear
rCold    . . .     Gourm    .   (no shield)
rNeg     . . .     Faith    .   d - +0 plate armour
rPois    .         Spirit   +   (no helmet)
rElec    .         Reflect  .   (no cloak)
rCorr    .         Harm     .   (no gloves)
MR       .....                  (no boots)
Stlth    ..........             (no amulet)
HPRegen  0.12/turn              h - +4 ring of dexterity
MPRegen  0.09/turn              (no ring)

@: corroded
A: magic shield
a: Berserk, Trog's Hand, Burn Spellbooks, Renounce Religion


You were on level 3 of the Dungeon.
You worshipped Trog.
Trog was pleased with you.
You were not hungry.

You visited 1 branch of the dungeon, and saw 3 of its levels.

You collected 132 gold pieces.

Inventory:

Hand Weapons
 a - a +0 spear (weapon)
Armour
 d - a +0 plate armour (worn)
Jewellery
 h - a +4 ring of dexterity (left hand)
Wands
 b - a wand of random effects (42)
Scrolls
 f - 2 scrolls of remove curse {unknown}
 g - 3 scrolls of identify {unknown}
 i - a scroll of enchant armour {unknown}
 n - a scroll of enchant weapon {unknown}
 o - a scroll of teleportation {unknown}
Potions
 e - 2 potions of curing {unknown}
 j - a potion of mutation {unknown}
 k - a potion of magic {unknown}
 l - a potion of lignification {unknown}
 m - a potion of heal wounds {unknown}
Comestibles
 c - 7 rations


   Skills:
 * Level 4.0 Fighting
 * Level 3.5 Polearms
 + Level 2.4 Armour
 - Level 1.7 Dodging


You had 3 spell levels left.
You didn't know any spells.

Dungeon Overview and Level Annotations

Branches:
Dungeon (3/15)

Altars:


Innate Abilities, Weirdness & Mutations

When hurt, damage is shared between your health and your magic reserves.


Message History

A jelly comes into view.
The jelly quivers.
The jelly hits you but does no damage.
You see here a scroll labeled MYSOYH PAESCH.
You barely miss the jelly. The jelly barely misses you.
You hit the jelly. The acid corrodes you!
Your hands burn!
The jelly is lightly wounded.
The jelly hits you. The acid corrodes you!
You are splashed with acid!
The acid burns!
You hit the jelly. The acid corrodes you!
Your hands burn!
The jelly is heavily wounded.
The jelly hits you.
You are splashed with acid!
The acid burns!
* * * LOW HITPOINT WARNING * * *
You hit the jelly but do no damage.
Your hands burn!
* * * LOW HITPOINT WARNING * * *
The jelly is heavily wounded.
The jelly hits you.
* * * LOW HITPOINT WARNING * * *
You are splashed with acid!
The acid burns!
You die...

### #.. #.# #.# .#
#.######.## ###
#J#!............#
#@..##.#.# #.##.#
######..##...# #.##.#
#...........####.##.##
#.####.........#.##.#.
#....[....#.##.#.
##........#.##.#.
#.............#.
####.......#.###..
............#......


You could see a jelly.

Vanquished Creatures
  2 adders (D:2)
  A gnoll (D:1)
  2 oozes
  A worm (D:2)
  A dart slug (D:1)
  3 leopard geckos (D:1)
  5 bats
  4 giant cockroaches
  A goblin (D:2)
  5 hobgoblins
  4 jackals (D:1)
  A quokka (D:2)
  4 frilled lizards
  4 kobolds
  3 rats
41 creatures vanquished.

Notes
Turn   | Place    | Note
-------+----------+-------------------------------------------
     0 | D:1      | Kohma the Demonspawn Berserker began the quest for the Orb.
     0 | D:1      | Reached XP level 1. HP: 18/18 MP: 1/1
    41 | D:1      | Gained mutation: When hurt, damage is shared between your health and your magic reserves. [demonic ancestry]
    41 | D:1      | Reached XP level 2. HP: 16/24 MP: 2/2
   724 | D:1      | Reached XP level 3. HP: 28/29 MP: 3/3
  1415 | D:2      | Reached ** piety under Trog
  1582 | D:2      | Reached XP level 4. HP: 37/37 MP: 4/4
  1990 | D:3      | Reached skill level 4 in Fighting
  2004 | D:3      | Splashed by a jelly's acid

Skill      XL: |  1  2  3  4 |
---------------+-------------+-----
Armour         | 2 |  2.4
Polearms       | 3 |  3.5
Fighting       | 4 |  4.0
Dodging        | |  1.7

Action                   |  1- 3 |  4- 6 || total
-------------------------+-------+-------++-------
Melee: Spear             |   153 |    18 ||   171
  Eat: Ration            |     1 |       ||     1
Armor: Animal skin       |     4 |       ||     4
       Plate armour      |   106 |    18 ||   124
Dodge: Dodged            |    47 |    12 ||    59
